AoeStats
← E-d-d-i-e91G

MegaRandom

510062691Analyzed
2v2 RM · 4d ago on Sep 29, 2026· 41m 22s· 4 players
Game mode
Random Map
Map size
Medium (4 player)
Population
200
Speed
Normal
Resources
Standard
Victory
Conquest
Starting age
Dark Age
Ending age
Imperial Age
RankedLock teamsTeams togetherTeam positionsShared explorationLock speedFull tech treeHidden civsTurbo modeCheats
Victory
Defeat
🇦🇺 Britons · Australia
429
+12
🇦🇺 Shu · Australia
427
+12
🇯🇴 Saxons · Jordan
388
-15
🇪🇸 Bohemians · Spain
272
-9
yazeed_niva
7:51 Feudal Age
16:46 Castle Age
popcorn6856
14:02 Feudal Age
15:56 Horse Collar
16:04 Double-Bit Axe
23:11 Castle Age
21:55 Wheelbarrow
22:07 Wheelbarrow
21:26 Town Watch
21:27 Loom
24:44 Bow Saw
24:38 Heavy Plow
26:36 Hand Cart
29:17 Town Patrol
34:55 Imperial Age
36:54 Chemistry
38:01 Crossbowman
E-d-d-i-e91G
13:11 Feudal Age
15:41 Wheelbarrow
15:11 Man-at-Arms
18:48 Gold Mining
19:59 Scale Mail Armor
19:53 Fletching
28:11 Castle Age
27:00 Town Watch
27:31 Padded Archer Armor
28:59 Double-Bit Axe
29:00 Horse Collar
35:55 Imperial Age
36:48 Ballistics
36:10 Treadmill Crane
38:14 Hoardings
IAMASTROMAN9714
12:07 Feudal Age
12:58 Man-at-Arms
16:39 Wheelbarrow
18:01 Double-Bit Axe
18:50 Arson
23:51 Castle Age
25:46 Crossbowman
27:03 Hand Cart
26:51 Scale Mail Armor
27:09 Forging
26:49 Long Swordsman
27:25 Gambesons
31:32 Bow Saw
31:08 Horse Collar
33:20 Squires
33:31 Padded Archer Armor
33:22 Fletching
34:09 Iron Casting
33:50 Chain Mail Armor
Connection lost

Rejoining the realm…

Still unreachable

The connection could not be restored.

Session expired

The server has moved on; the page needs a fresh start.